 Dungeon Crawl Stone Soup version 0.31-a0-232-gb1c03b2570 (webtiles) character file.

Game seed: 3470204753164527064

15 qw the Shooter (level 2, -2/24 HPs)
             Began as a Minotaur Hexslinger on July 7, 2023.
             Slain by Sigmund
             ... wielding a +0 scythe
              (8 damage)
             ... on level 2 of the Dungeon.
             The game lasted 00:00:18 (899 turns).

qw the Shooter (Minotaur Hexslinger)                 Turns: 899, Time: 00:00:19

Health: -2/24      AC:  4    Str: 12    XL:     2   Next: 34%
Magic:  2/2        EV: 11    Int: 10    God:
Gold:   87         SH:  0    Dex: 12    Spells: 2/3 levels left

rFire   + . .        Y - +1 sling
rCold   . . .        (no shield)
rNeg    . . .        f - +0 leather armour
rPois   .            (helmet restricted)
rElec   .            (no cloak)
rCorr   .            (no gloves)
SInv    .            d - +0 pair of boots
Will    .....        (no amulet)
Stlth   +            a - ring of protection from fire
HPRegen 0.24/turn    (no ring)
MPRegen 0.08/turn

%: no passive effects
@: no status effects
A: horns 2, retaliatory headbutt
a: no special abilities


You were on level 2 of the Dungeon.
You visited 1 branch of the dungeon, and saw 2 of its levels.

You collected 87 gold pieces.


Innate Abilities, Weirdness & Mutations

You have a pair of horns on your head.
You reflexively headbutt those who attack you in melee.


   Skills:
 + Level 1.9 Fighting
 - Level 3.1 Ranged Weapons
 - Level 2.1 Dodging
 - Level 1.0 Spellcasting
 - Level 2.0 Hexes


You had 2 spell levels left.
You knew the following spells:

 Your Spells              Type           Power      Damage    Failure   Level
a - Slow                  Hex            16%        N/A       19%         1

Your spell library contained the following spells:

 Spells                   Type           Power      Damage    Failure   Level
 Inner Flame              Hex/Fire       2%         N/A       65%         3
 Portal Projectile        Hex/Tloc       4%         N/A       65%         3
 Cause Fear               Hex            2%         N/A       88%         4

Inventory:

Hand Weapons
 Y - a +1 sling (weapon)
Armour
 d - a +0 pair of boots (worn)
 f - a +0 leather armour (worn)
Jewellery
 a - a ring of protection from fire (left hand)
Scrolls
 b - a scroll of fear {unknown}
 c - a scroll of identify
Potions
 i - a potion of might {unknown}

Dungeon Overview and Level Annotations

Branches:
Dungeon (2/15)

Altars:

Annotations:
D:2 Sigmund


Message History

The sling bullet closely misses Sigmund.
You shoot a sling bullet.
The sling bullet completely misses Sigmund.
Sigmund misses you.
You shoot a sling bullet.
The sling bullet hits Sigmund but does no damage.
Sigmund is lightly wounded.
Sigmund gestures at you while chanting. The puff of flame misses you.
You shoot a sling bullet.
The sling bullet closely misses Sigmund.
Sigmund hits you from afar with a +0 scythe!
You shoot a sling bullet.
The sling bullet closely misses Sigmund.
Sigmund zaps a wand.
The puff of flame hits you.
Enter note:
889 ||| UPGRADING to ring of protection from fire.
a - a ring of protection from fire (left hand) Sigmund closely misses you.
Enter note:
Enter note:
Enter note:
Enter note:
Enter note:
Enter note: You start resting.
Sigmund is nearby!
895 ||| FLEEEEING.
896 ||| FLEEEEING.
Sigmund points at you and mumbles some strange words.
The magic dart hits you.
897 ||| FLEEEEING.
You shoot a sling bullet. The sling bullet hits Sigmund.
Sigmund is lightly wounded.
Sigmund zaps a wand.
The puff of flame misses you.
You shoot a sling bullet.
The sling bullet hits Sigmund but does no damage.
Sigmund is lightly wounded.
Sigmund hits you from afar with a +0 scythe!
You die...

#..#######...# ..###.#.#...
#..# #.... ....#.#.#..# #..#
#....# #.#......... # #..#
#.. # #.#...#...
##.#..#######.##.# #.#.....
...............[ #.#.#.##
...##..###....### #......#
#####..#........#####...#..#
..............#.@.@.....#..#
####......###.#######.#.#..#
#........#.# #.#.#..#
#......#.#.## #@#.#..#
.........#.#.##...##.#.#..#
###....... #^.+...........#
###..########...######.##.###
#... +.. +............. ##.#
#. #####.###.####


You could see Sigmund.

Vanquished Creatures
  2 endoplasms
  4 giant cockroaches (D:1)
  2 hobgoblins
  2 ball pythons
  A frilled lizard (D:1)
  A goblin (D:1)
  2 rats
14 creatures vanquished.

Notes
Turn   | Place    | Note
-------+----------+-------------------------------------------
     0 | D:1      | qw the Minotaur Hexslinger began the quest for the Orb.
     0 | D:1      | Reached XP level 1. HP: 16/16 MP: 1/1
     0 | D:1      | 0 ||| qw: Version: 0.3-a-46-gb1f654a
     0 | D:1      | 0 ||| qw: Game counter: 2715
     0 | D:1      | 0 ||| qw: Melee chars always use a shield: true
     0 | D:1      | 0 ||| qw: God list: Okawaru
     0 | D:1      | 0 ||| qw: Allow faded altars: false
     0 | D:1      | 0 ||| qw: Do Orc after clearing Dungeon:15 true
     0 | D:1      | 0 ||| qw: Do second Lair branch before Depths: true
     0 | D:1      | 0 ||| qw: Lair rune preference: random
     0 | D:1      | 0 ||| qw: Goals: Normal
     0 | D:1      | 0 ||| PLANNING D:1-11
   293 | D:1      | Found a faded altar of an unknown god.
   419 | D:1      | Reached skill level 3 in Ranged Weapons
   419 | D:1      | Reached XP level 2. HP: 18/23 MP: 2/2
   711 | D:1      | 711 ||| UPGRADING to +0 pair of boots.
   716 | D:1      | 716 ||| UPGRADING to +0 leather armour.
   726 | D:1      | 726 ||| DROPPING +0 robe.
   727 | D:1      | 727 ||| READING scroll labelled RURGHI XOLAIJ.
   728 | D:1      | 728 ||| READING scroll labelled VUNKAO MIVU.
   729 | D:1      | 729 ||| DRINKING 3 golden potions.
   730 | D:1      | 730 ||| DROPPING scroll of poison.
   851 | D:2      | Noticed Sigmund
   865 | D:2      | HP: 4/24 [Sigmund/magic dart (8)]
   866 | D:2      | 866 ||| DRINKING 2 potions of heal wounds.
   870 | D:2      | 870 ||| FLEEEEING.
   871 | D:2      | 871 ||| FLEEEEING.
   872 | D:2      | 872 ||| FLEEEEING.
   873 | D:2      | 873 ||| FLEEEEING.
   880 | D:2      | HP: 5/24 [Sigmund/puff of flame (9)]
   881 | D:2      | 881 ||| DRINKING potion of heal wounds.
   889 | D:2      | 889 ||| UPGRADING to ring of protection from fire.
   895 | D:2      | 895 ||| FLEEEEING.
   896 | D:2      | 896 ||| FLEEEEING.
   896 | D:2      | HP: 5/24 [Sigmund/magic dart (6)]
   897 | D:2      | 897 ||| FLEEEEING.
   899 | D:2      | Slain by Sigmund

Levels and vault maps discovered:
D:1:      giann_bridges, layout_basic, serial_corexii_hall,
          corexii_hall_statues_deadend, corexii_hall_statues_s,
          corexii_hall_statues_x, corexii_hall_statues_x,
          shapermc_ecumenical_altar_mp_vishouse, minmay_worlds_worst_comb
D:2:      layout_basic, basic_altar, grunt_ministairs_4, uniq_sigmund

Skill      XL: |  1 |
---------------+----+-----
Ranged Weapons | 3 |  3.1
Fighting       | |  1.9
Dodging        | |  2.1
Spellcasting   | |  1.0
Hexes          | |  2.0

Action                     || total
---------------------------++-------
   Fire: Sling             ||    49
    Use: Potion            ||     3
         Scroll            ||     2
 Armour: Robe              ||     2
         Leather armour    ||     3
  Dodge: Dodged            ||    23

Table legend:
 A = Non-vault XP
 B = Vault XP
 C = Vault XP percentage of total XP
 D = Non-vault monster count
 E = Vault monster count
 F = Vault count percentage of total count
                 A         B        C        D         E       F
            +---------+---------+-------+---------+---------+-------
      Total |      13 |       9 |  40.9 |       9 |       5 |  35.7
            +---------+---------+-------+---------+---------+-------
        D:1 |       8 |       8 |  50.0 |       6 |       4 |  40.0
        D:2 |       5 |       1 |  16.7 |       3 |       1 |  25.0
            +---------+---------+-------+---------+---------+-------
